AoeStats
← 2609108162

Arena

510101928Analyzed
1v1 RM · 3d ago on Sep 29, 2026· 52m 7s· 2 players
Game mode
Random Map
Map size
Tiny (2 player)
Population
200
Speed
Normal
Resources
Standard
Victory
Conquest
Starting age
Dark Age
Ending age
Imperial Age
RankedLock teamsTeams togetherTeam positionsShared explorationLock speedFull tech treeHidden civsTurbo modeCheats
Victory
Defeat
🇨🇳 Bohemians · China
1061
+16
🇲🇽 Hindustanis · Mexico
1063
-16
2609108162
10:03 Feudal Age
14:22 Castle Age
12:43 Double-Bit Axe
13:14 Horse Collar
19:37 Fervor
20:59 Wheelbarrow
22:42 Bow Saw
22:39 Heavy Plow
23:30 Fletching
24:13 Loom
24:37 Husbandry
24:50 Scale Barding Armor
26:10 Town Watch
32:44 Imperial Age
31:02 Hand Cart
31:46 Wagenburg Tactics
32:05 Chain Barding Armor
31:52 Squires
31:58 Pikeman
33:49 Chemistry
32:58 Halberdier
36:28 Two-Man Saw
36:08 Conscription
36:36 Ballistics
36:26 Hussite Reforms
37:22 Forging
37:12 Scale Mail Armor
38:51 Arson
39:32 Chain Mail Armor
39:52 Iron Casting
39:20 Elite Hussite Wagon
41:07 Bodkin Arrow
41:43 Plate Mail Armor
44:17 Bracer
44:36 Siege Engineers
45:28 Hussite Reforms
46:29 Blast Furnace
45:30 Padded Archer Armor
46:11 Sappers
48:53 Murder Holes
49:10 Fortified Wall
49:11 Masonry
49:19 Leather Archer Armor
Tx8 | AlexisCubo
11:18 Feudal Age
12:09 Double-Bit Axe
14:54 Castle Age
13:18 Horse Collar
13:32 Stone Mining
17:51 Heavy Plow
21:53 Scale Mail Armor
24:33 Chain Mail Armor
25:08 Forging
30:35 Imperial Age
28:55 Bow Saw
28:41 Gold Mining
29:58 Husbandry
30:08 Scale Barding Armor
31:10 Bloodlines
31:24 Chain Barding Armor
30:48 Heavy Camel Rider
32:56 Iron Casting
34:41 Wheelbarrow
33:55 Loom
35:19 Blast Furnace
41:13 Plate Barding Armor
42:28 Man-at-Arms
43:11 Long Swordsman
43:59 Caravan
43:36 Light Cavalry
45:09 Squires
46:05 Two-Handed Swordsman
47:09 Onager
Connection lost

Rejoining the realm…

Still unreachable

The connection could not be restored.

Session expired

The server has moved on; the page needs a fresh start.